 Dungeon Crawl Stone Soup version 0.18.1-5-g4a78601 (webtiles) character file.

859 SkaryMonk the Reanimator (level 7, -1/45 HPs)
             Began as a Demigod Necromancer on May 9, 2016.
             Slain by a sky beast (5 damage)
             ... on level 5 of the Dungeon.
             The game lasted 00:27:08 (6925 turns).

SkaryMonk the Reanimator (Demigod Necromancer)      Turns: 6925, Time: 00:27:09

Health: -1/45      AC:  6    Str: 11    XL:     7   Next: 43%
Magic:  9/14       EV: 12    Int: 23    God:
Gold:   298        SH:  0    Dex: 16    Spells: 4 memorised, 2 levels left

rFire  . . .     SeeInvis .     e - +0 club
rCold  . . .     Gourm    .     a - +0 robe
rNeg   . . .     Faith    .     (no shield)
rPois  .         Spirit   .     s - +0 helmet
rElec  .         Dismiss  .     m - +1 cloak
rCorr  .         Reflect  .     t - +0 pair of gloves
SustAt +         Harm     .     (no boots)
MR     .....     Rnd*Rage +     q - amulet of rage
Stlth  ++........ Rnd*Tele +    u - ring of teleportation (curse)
                                r - ring of flight

@: not resistant to hostile enchantments, unstealthy
A: berserk 1, frail 1, high mp 1, sense surroundings 1, sustain attributes
a: Evoke Berserk Rage, Evoke Flight


You were on level 5 of the Dungeon.
You were not hungry.

You visited 1 branch of the dungeon, and saw 6 of its levels.

You collected 298 gold pieces.

Notes
Turn   | Place    | Note
--------------------------------------------------------------
     0 | D:1      | SkaryMonk the Demigod Necromancer began the quest for the Orb.
     0 | D:1      | Reached XP level 1. HP: 14/14 MP: 5/5
   306 | D:1      | Reached skill level 4 in Necromancy
   331 | D:1      | Reached XP level 2. HP: 7/20 MP: 2/7
  1144 | D:1      | Learned a level 1 spell: Animate Skeleton
  1169 | D:1      | Reached XP level 3. HP: 19/26 MP: 3/8
  1668 | D:1      | HP: 1/26 [poisoned by an adder]
  2040 | D:2      | Reached skill level 5 in Necromancy
  2171 | D:2      | Reached XP level 4. HP: 21/33 MP: 0/9
  2268 | D:2      | Learned a level 4 spell: Animate Dead
  2843 | D:3      | Found a snail-covered altar of Cheibriados.
  3304 | D:4      | Found a blossoming altar of Fedhas.
  3305 | D:4      | Found a sacrificial altar of Ru.
  3305 | D:4      | Found a shimmering altar of Xom.
  3307 | D:4      | Found a deep blue altar of Sif Muna.
  3356 | D:4      | Noticed Natasha
  3361 | D:4      | Killed Natasha
  3361 | D:4      | Reached skill level 6 in Necromancy
  3361 | D:4      | Reached XP level 5. HP: 37/38 MP: 0/10
  3374 | D:4      | Noticed Natasha
  3444 | D:4      | Killed Natasha
  3693 | D:4      | Found a staircase to the Ecumenical Temple.
  3758 | D:4      | Noticed Edmund
  3786 | D:4      | Noticed buf2's ghost (amateur HEHu)
  3819 | D:5      | Entered Level 5 of the Dungeon
  3831 | D:5      | Noticed Prince Ribbit
  4349 | D:4      | Noticed Natasha
  4353 | D:4      | Killed Natasha
  4364 | D:4      | Noticed a centaur
  4373 | D:4      | Killed a centaur
  4373 | D:4      | Reached XP level 6. HP: 17/45 MP: 0/13
  4379 | D:4      | Learned a level 4 spell: Control Undead
  5544 | D:4      | Reached skill level 7 in Necromancy
  5938 | D:5      | Noticed Blork the orc
  5961 | D:5      | Gained mutation: You passively map a small area around you. [potion of mutation]
  5961 | D:5      | Gained mutation: You are frail (-10% HP). [potion of mutation]
  5961 | D:5      | Gained mutation: You tend to lose your temper in combat. [potion of mutation]
  5965 | D:5      | Killed Blork the orc
  6316 | D:6      | Reached XP level 7. HP: 32/45 MP: 7/14
  6385 | D:6      | Noticed Menkaure
  6509 | D:6      | Reached skill level 8 in Necromancy
  6925 | D:5      | Slain by a sky beast

Inventory:

Hand Weapons
 e - a +0 club (weapon)
Armour
 a - a +0 robe (worn)
 m - a +1 cloak (worn)
 s - a +0 helmet (worn)
 t - a +0 pair of gloves (worn)
Jewellery
 q - an amulet of rage (around neck)
 r - a ring of flight (left hand)
 u - a cursed ring of teleportation (right hand)
Wands
 d - a wand of slowing (35/48)
Scrolls
 f - a scroll of brand weapon {unknown}
 g - 3 scrolls of remove curse
 j - a scroll of random uselessness {unknown}
 k - a scroll of fog {unknown}
 l - 2 scrolls of blinking
 n - a scroll of fear
 o - a scroll of magic mapping {unknown}
 w - a scroll of identify
Potions
 h - a potion of lignification
 i - a potion of agility
 p - a potion of flight
 v - a potion of might
Books
 b - a book of Necromancy

   Spells                             Type                      Level
   a - Pain                           Necromancy                   1
   b - Animate Skeleton               Necromancy                   1
   c - Vampiric Draining              Necromancy                   3
   d - Regeneration                   Charms/Necromancy            3
   e - Animate Dead                   Necromancy                   4
   f - Control Undead                 Necromancy                   4
Comestibles
 c - a bread ration

Table legend:
 A = Turns spent in this place as a percentage of turns spent in the entire game.
 B = Non-inter-level travel turns spent in this place as a percentage of non-inter-level travel turns spent in the entire game.
 C = Inter-level travel turns spent in this place as a percentage of turns spent in this place.
 D = Turns resting spent in this place as a percentage of non-inter-level travel turns spent in this place.
 E = Turns spent auto-exploring this place as a percentage of non-inter-level travel turns spent in this place.
 F = Non-inter-level travel turns spent in this place divided by the number of levels of this place that you've seen.
                   A       B       C       D       E      F
               +-------+-------+-------+-------+-------+----------------------
         Total | 100.0 | 100.0 |   0.6 |   6.2 |   8.0 | 285.3
       Dungeon | 100.0 | 100.0 |   0.6 |   6.2 |   8.0 | 285.3
               +-------+-------+-------+-------+-------+----------------------


   Skills:
 - Level 1.7 Dodging
 - Level 1.7 Stealth
 - Level 3.0 Spellcasting
 + Level 8.4 Necromancy


You had 2 spell levels left.
You knew the following spells:

 Your Spells              Type           Power        Failure   Level  Hunger
a - Pain                  Necr           ####         1%          1    None
b - Animate Skeleton      Necr           N/A          1%          1    None
c - Animate Dead          Necr           N/A          4%          4    ####...
d - Control Undead        Necr           #####.....   4%          4    ####...


Dungeon Overview and Level Annotations

Branches:
Dungeon (6/15)             Temple (0/1) D:4

Annotations:
D:4 Edmund; buf2's ghost, amateur HEHu
D:5 Prince Ribbit
D:6 Menkaure


Innate Abilities, Weirdness & Mutations

You have an increased reservoir of magic (+10% MP).
Your attributes are resistant to harm.
You tend to lose your temper in combat.
You are frail (-10% HP).
You passively map a small area around you.


Message History

Aim: a sky beast (moderately wounded, chance to defeat MR: 84%)
The sky beast convulses in agony!
The sky beast closely misses you.
Casting: Pain
Confirm with . or Enter, or press ? or * to list all spells.
Aiming: Pain
Press: ? - help, Shift-Dir - straight line, f/p - sky beast
Aim: a sky beast (moderately wounded, chance to defeat MR: 84%)
The sky beast convulses in agony!
The sky beast hits you.
* * * LOW HITPOINT WARNING * * *
The sky beast shocks you.
* * * LOW HITPOINT WARNING * * *
Casting: Pain
Confirm with . or Enter, or press ? or * to list all spells.
Aiming: Pain
Press: ? - help, Shift-Dir - straight line, f/p - sky beast
Aim: a sky beast (severely wounded, chance to defeat MR: 84%)
The sky beast barely resists.
The sky beast hits you.
* * * LOW HITPOINT WARNING * * *
The sky beast shocks you.
You die...

######### #.......# #.......#
########## #.......#
#........# #.....).#
#........###......>#
########..................#
###................##.......#
................@...........#
.#########.....Y.).##.....).#
.## ####.........##########
..# #.........##.#
#.#####....#######.#
#.....#....## #.# ##
##..#...(...# #<#### #.
#...#.......# #....# ####.
..#.#.#.....#########.#
##....


You could see a sky beast.

Table legend:
 A = Kills in this place as a percentage of kills in entire the game.
 B = Kills by you in this place as a percentage of kills by you in the entire game.
 C = Kills by friends in this place as a percentage of kills by friends in the entire game.
 D = Other kills in this place as a percentage of other kills in the entire game.
 E = Experience gained in this place as a percentage of experience gained in the entire game.
 F = Experience gained in this place divided by the number of levels of this place that you have seen.
                   A       B       C       D       E      F
               +-------+-------+-------+-------+-------+----------------------
         Total | 100.0 | 100.0 | 100.0 | 100.0 | 100.0 | 204.7
       Dungeon | 100.0 | 100.0 | 100.0 | 100.0 | 100.0 | 204.7
               +-------+-------+-------+-------+-------+----------------------

Vanquished Creatures
  A black bear (D:6)
  2 centaurs
  A giant frog (D:5)
  Blork the orc (D:5)
  A giant frog zombie (D:5)
  An orc wizard (D:6)
  2 hounds
  An iguana (D:4)
  2 worker ants (D:5)
  Natasha (thrice) (D:4)
  3 gnolls (D:6)
  8 adders
  An ooze (D:1)
  2 adder skeletons (D:5)
  A worm (D:2)
  2 dart slugs
  5 giant geckos
  6 orcs
  6 giant cockroaches
  6 goblins
  2 hobgoblins
  16 jackals
  6 kobolds
  A quokka (D:5)
  7 bats
  A giant gecko zombie (D:5)
  3 giant newts
  6 rats
97 creatures vanquished.

Vanquished Creatures (collateral kills)
  A jelly (D:6)
  2 worker ants (D:4)
  An adder (D:4)
  A dart slug (D:1)
  2 giant geckos
  A bat (D:3)
  A goblin (D:3)
  A kobold (D:3)
  2 rats
12 creatures vanquished.

Grand Total: 109 creatures vanquished

Action                   |  1- 3 |  4- 6 |  7- 9 || total
-------------------------+-------+-------+-------++-------
Melee: Unarmed           |     9 |       |       ||     9
       Club              |    21 |    29 |       ||    50
 Cast: Pain              |    74 |   114 |    37 ||   225
       Animate Skeleton  |     5 |    12 |       ||    17
       Animate Dead      |       |     9 |     2 ||    11
       Control Undead    |       |    13 |     1 ||    14
 Abil: Evoke Berserk Rag |       |     1 |       ||     1
Evoke: Wand              |       |     2 |     1 ||     3
  Use: Scroll            |     4 |     4 |       ||     8
       Potion            |       |     6 |       ||     6
  Eat: Chunk             |     5 |     7 |       ||    12
       Meat ration       |       |     2 |       ||     2
       Beef jerky        |       |     1 |       ||     1
       Bread ration      |       |     1 |       ||     1
Armor: Robe              |     9 |    37 |     4 ||    50
Dodge: Dodged            |    32 |    84 |    12 ||   128

Vault maps used:
D:1:      lemuel_arrival_hallway
D:3:      kennysheep_slug_shrine, first_bread
D:4:      grunt_temple_overflow_open, minmay_temple_entry_glassed_door,
          uniq_natasha, uniq_edmund
D:5:      uniq_blork_the_orc, uniq_prince_ribbit1
D:6:      minmay_misc_feat_four_crosses, hangedman_abyss_or_decor_slice,
          uniq_menkaure
